AoeStats
← yarl

Fortress

510045941Analyzed
4v4 RM · 4d ago on Sep 29, 2026· 3m 8s· 8 players
Game mode
Random Map
Map size
Huge
Population
200
Speed
Normal
Resources
Standard
Victory
Conquest
Starting age
Dark Age
Ending age
Imperial Age
RankedLock teamsTeams togetherTeam positionsShared explorationLock speedFull tech treeHidden civsTurbo modeCheats
Victory
Defeat
🇹🇷 Bohemians · Türkiye
954
+13
🇨🇱 Magyars · Chile
916
+15
🇺🇸 Mapuche · United States
864
+17
🇧🇪 Burgundians · Belgium
849
+39
🇻🇳 Mongols · Vietnam
901
-16
🇨🇳 Malians · China
893
-16
🇮🇩 Portuguese · Indonesia
881
-15
🇨🇳 Gurjaras · China
867
-15
ayon
0:57 Loom
Depart
0:30 Loom
yarl
0:30 Loom
newbie
1:34 Loom
2:34 Loom
FoxyWaves
2:31 Double-Bit Axe
Fenixx
0:49 Loom
Gbetosaurus
5:09 Feudal Age
TidierCast1585
2:14 Loom
Connection lost

Rejoining the realm…

Still unreachable

The connection could not be restored.

Session expired

The server has moved on; the page needs a fresh start.